 Dungeon Crawl Stone Soup version 0.29-a0-563-g64e4043184 (webtiles) character file.

Game seed: 11052009696138727286

487096 Pooter the Slayer (level 23, -19/209 (220) HPs)
             Began as a Minotaur Berserker on June 7, 2022.
             Was a High Priest of Trog.
             Killed from afar by a war gargoyle (26 damage)
             ... with a spray of metal splinters
             ... in the Vestibule of Hell on June 11, 2022.
             The game lasted 07:15:40 (63123 turns).

Pooter the Slayer (Minotaur Berserker)             Turns: 63123, Time: 07:15:41

HP:   -19/209 (220) AC: 42    Str: 29      XL:     23   Next: 52%
MP:   22/22         EV: 11    Int:  6      God:    Trog [*****.]
Gold: 5141          SH: 17    Dex:  6 (7)  Spells: 22/22 levels left

rFire   + + +      SeeInvis +   a - +9 broad axe (vamp)
rCold   . . .      Faith    .   F - +2 shield of Resistance {rF++ rC++ Will++}
rNeg    + + +      Spirit   .   y - +10 plate armour
rPois   .          Reflect  +   B - +2 hat
rElec   +          Harm     .   v - scarf {repulsion}
rCorr   .          Rampage  .   V - +0 pair of gloves of Insurance {+Inv rF+ Will-}
Will    ++++.                   C - +2 pair of boots "Qames" {rC- rN+ Slay+5}
Stlth   +.........              R - amulet of reflection
HPRegen 1.44/turn               J - +4 ring of slaying
MPRegen 0.18/turn               K - ring "Weshraiq" {Fire rElec rN+++ Dex-5 SInv}

@: strong-willed (expiring), on berserk cooldown, very slightly contaminated,
regenerating (expiring), slowed, drained, repel missiles, very slow
A: horns 2, retaliatory headbutt, iridescent scales 3, sense surroundings 1
}: 3/15 runes: serpentine, barnacled, slimy
a: Renounce Religion, Evoke Invisibility, Berserk, Trog's Hand, Brothers in Arms


You were in the Vestibule of Hell.
You worshipped Trog.
Trog was extremely pleased with you.
You visited 11 branches of the dungeon, and saw 48 of its levels.
You also visited: Sewer, Bailey, Ice Cave and Volcano.

You collected 8213 gold pieces.
You spent 3072 gold pieces at shops.

Inventory:

Hand Weapons
 a - a +9 vampiric broad axe (weapon)
   (You took it off an orc warrior in a bailey)
 b - the +7 hand crossbow of Havoc {venom, rF- rCorr Int+2}
   (You found it in a bailey)

   Any ammunition fired from it poisons the flesh of those it strikes.
   Int:       It affects your intelligence (+2).
   rF:        It makes you vulnerable to fire.
   rCorr:     It protects you from acid and corrosion.
 o - a +4 antimagic broad axe
   (Trog gifted it to you on level 2 of the Vaults)
 S - the +8 trishula "Condemnation" {holy, anguish, *Noise Fly rN+}
   (You took it off a deep elf demonologist on level 3 of the Elven Halls)

   It has been blessed by the Shining One to cause great damage to the undead
   and demons.
   It inflicts anguish, making its victims' attacks reflect back on them.
   rN:        It protects you from negative energy.
   Fly:       It grants you flight.
   *Noise:    It may make noises in combat.
Missiles
 h - 3 curare-tipped darts
 j - 7 silver javelins
 M - 9 boomerangs of dispersal {!f}
 T - 14 javelins
 U - 15 silver boomerangs (quivered)
 W - 31 boomerangs
Armour
 i - a +2 pair of boots of flying
   (You bought it in a shop on level 2 of the Orcish Mines)
 v - a scarf of repulsion (worn)
   (You found it on level 2 of the Snake Pit)
 y - a +10 plate armour (worn)
   (You found it on level 5 of the Dungeon)
 B - a +2 hat (worn)
   (You found it on level 2 of the Lair of Beasts)
 C - the +2 pair of boots "Qames" (worn) {rC- rN+ Slay+5}
   (You found it on level 3 of the Elven Halls)

   Slay:      It affects your accuracy & damage with ranged weapons and melee
   (+5).
   rC:        It makes you vulnerable to cold.
   rN:        It protects you from negative energy.
 F - the +2 shield of Resistance (worn) {rF++ rC++ Will++}
   (You acquired it in a bailey)

   rF:        It greatly protects you from fire.
   rC:        It greatly protects you from cold.
   Will:      It greatly increases your willpower.
 V - the +0 pair of gloves of Insurance (worn) {+Inv rF+ Will-}
   (You acquired it on level 3 of the Elven Halls)

   rF:        It protects you from fire.
   +Inv:      It lets you turn invisible.
   Will:      It decreases your willpower.
Jewellery
 s - the ring of the Final Decision {rElec rC- rN+ Str+5 Dex+6}
   (You took it off a deep elf sorcerer on level 3 of the Elven Halls)

   [ring of dexterity]

   Str:       It affects your strength (+5).
   Dex:       It affects your dexterity (+6).
   rC:        It makes you vulnerable to cold.
   rElec:     It insulates you from electricity.
   rN:        It protects you from negative energy.
 J - a +4 ring of slaying (left hand)
   (You found it on level 1 of the Shoals)
 K - the ring "Weshraiq" (right hand) {Fire rElec rN+++ Dex-5 SInv}
   (You found it on level 6 of the Lair of Beasts)

   [ring of fire]

   It enhances your fire magic.
   Dex:       It affects your dexterity (-5).
   rF:        It protects you from fire.
   rC:        It makes you vulnerable to cold.
   rElec:     It insulates you from electricity.
   rN:        It renders you almost immune to negative energy.
   SInv:      It lets you see invisible.
 N - the ring "Xehasynwi" {Fly rPois rCorr SInv}
   (You took it off a deep elf high priest on level 3 of the Elven Halls)

   [ring of flight]

   rPois:     It protects you from poison.
   SInv:      It lets you see invisible.
   Fly:       It grants you flight.
   rCorr:     It protects you from acid and corrosion.
 R - an amulet of reflection (around neck)
   (You acquired it in a bailey)
 X - the amulet "Woof" {Acrobat rC++}
   (You found it on level 6 of the Lair of Beasts)

   [amulet of the acrobat]

   It increases your evasion while moving and waiting.
   rC:        It greatly protects you from cold.
Wands
 d - a wand of iceblast (20)
   (You took it off Nessos on level 5 of the Lair of Beasts)
 f - a wand of flame (46)
   (You found it on level 6 of the Dungeon)
 u - a wand of paralysis (8)
   (You took it off Ijyb on level 4 of the Dungeon)
 x - a wand of acid (6)
   (You found it in an ice cave)
 D - a wand of digging (7)
   (You found it on level 5 of the Dungeon)
 I - a wand of mindburst (21)
   (You found it on level 3 of the Elven Halls)
 Y - a wand of charming (10)
   (You found it in an ice cave)
Scrolls
 c - 6 scrolls of poison {!r}
 e - 2 scrolls of summoning
 k - 9 scrolls of magic mapping
 l - a scroll of blinking
 q - 13 scrolls of immolation {!r}
 r - 5 scrolls of silence
 t - 14 scrolls of teleportation {@r4}
 E - 3 scrolls of fog
 O - 8 scrolls of fear
Potions
 m - 11 potions of heal wounds {@q2}
 n - 10 potions of mutation {!q}
 p - 21 potions of curing {@q1}
 w - 9 potions of haste {@q3}
 z - 8 potions of resistance
 A - 4 potions of attraction {!q}
 G - 4 potions of cancellation
 H - 7 potions of might
 L - 2 potions of invisibility
Miscellaneous
 P - a box of beasts
   (You found it on level 3 of the Lair of Beasts)
 Q - a tin of tremorstones (2/2)
   (You found it on level 3 of the Elven Halls)
 Z - a condenser vane
   (You found it on level 3 of the Elven Halls)


   Skills:
 + Level 21.2 Fighting
 + Level 20.1(20.3) Axes
 - Level 5.4(14.2) Maces & Flails
 + Level 14.3 Crossbows
 - Level 13.8 Throwing
 + Level 18.7 Armour
 + Level 17.9 Dodging
 + Level 13.9 Stealth
 - Level 12.0 Shields
 + Level 15.1 Evocations


You had 22 spell levels left.
You didn't know any spells.
Your spell library was empty.

Dungeon Overview and Level Annotations

Branches:
Dungeon (15/15)            Temple (0/1) D:6            Lair (6/6) D:9
 Shoals (4/4) Lair:2        Snake (4/4) Lair:2        Slime (5/5) Lair:5
    Orc (2/2) D:12            Elf (3/3) Orc:2        Vaults (4/5) D:14
  Crypt (3/3) Vaults:3       Tomb (0/3) Crypt:3      Depths (1/4) D:15
   Hell (1/1)               Sewer (visited)          Bailey (visited)
  IceCv (visited)         Volcano (visited)
    Dis: Hell:1         Geh: Hell:1         Coc: Hell:1         Tar: Hell:1

Altars:
Ashenzari
Dithmenos
Elyvilon
Gozag
Hepliaklqana
Kikubaaqudgha
Okawaru
Qazlal
Trog
Vehumet
Xom
Yredelemnul
Zin
The Shining One
Beogh

Shops:
D:2 !   D:10 *   D:11 *   D:12 *   Orc:2 ([*=   Elf:2 ?   Shoals:2 (
Snake:2 ::=   Depths:1 **

Portals:
Hell: Depths:1
Abyss: Depths:1
Trove: Vaults:3 (give horn of Geryon)

Annotations:
Elf:2 3 runed translucent doors


Innate Abilities, Weirdness & Mutations

You have a pair of horns on your head.
You reflexively headbutt those who attack you in melee.
You are completely covered in iridescent scales. (AC +6)
You passively map a small area around you.


Message History

A rust devil comes into view.
The smoke demon gestures at you.
The ball of steam hits you but does no damage.
The putrid mouth bites you!
* * * LOW HITPOINT WARNING * * *
You block the putrid mouth's attack.
The hell knight hits you but does no damage.
You block the war gargoyle's attack.
You feel better.
You feel the effects of Trog's Hand fading.
The hell knight hits you but does no damage.
The war gargoyle hits you with a +2 morningstar of protection!
* * * LOW HITPOINT WARNING * * *
The putrid mouth howls a warning cry!
You block the tainted leviathan's attack.
The tainted leviathan completely misses you.
A necromancer comes into view. It is wielding a +0 dagger.
A hell knight comes into view. It is wielding a +1 scimitar of pain.
You block the putrid mouth's attack. The putrid mouth claws you.
* * * LOW HITPOINT WARNING * * *
You feel clumsy.
The hell knight mumbles some strange prayers to its god against you.
The bolt of fire misses you.
The hell knight hits you but does no damage.
The war gargoyle hits you but does no damage.
The hell knight prays to its god.
The hell knight seems to speed up.
You block the smoke demon's attack. The smoke demon barely misses you.
You block the smoke demon's attack.
The tainted leviathan attempts to bespell you!
You resist with almost no effort.
A hell knight comes into view.
It is wielding a +1 battleaxe of flaming.
The necromancer gestures wildly while chanting.
The necromancer binds the souls of nearby monsters.
The putrid mouth howls a warning cry!
A rust devil comes into view.
The hell knight shouts!
You hear a shout!
You hear a deafening roar!
You hear a shout! x2; You hear a screech!
You hear a shout!
You hear a deafening roar!
You hear a shout!
You hear a deafening roar! x2
You hear a screech!
You hear a deafening roar!
You hear a screech!
You hear a shout!
You hear a roar!
You hear an angry squeal.
Unknown command.
Blink to where?
An iron dragon, a hell knight, a sun demon and a reaper come into view.
The reaper is wielding a +1 scythe of flaming.
As you read the scroll of blinking, it crumbles to dust.
The iron dragon roars deafeningly!
The hell knight shouts!
The sun demon shouts!
The war gargoyle launches metal splinters at you.
The spray of metal splinters hits you!!
You die...

##...## , ##....W##
##...#..°## * ,
##.....).°°##
##.......3WC°## *
##..#..pp.3☼#..#* ,
##.p.p...p.9....p# *
....2.p.W...§...§.§§
.p3......@....§.§..§§
,
................§.3≈§
,##...p...4......§##≈≈
##..#....p..#..## #§
##.....4.....## *
##.........## * ≈
##...#D..## *
##.....## * ##...## ,


You could see a tainted leviathan, an iron dragon, a reaper, 2 putrid mouths, 8
hell knights, a soul eater, a sun demon, a war gargoyle (catching breath), 2
rust devils, a freezing wraith, a necromancer and a smoke demon.

Vanquished Creatures
  the Royal Jelly (Slime:5)
  Frederick (Vaults:2)
  Nikola (Shoals:2)
  Geryon (Hell)
  Saint Roka (Snake:1)
  The ghost of Pooter the Warrior, an adept MiBe of Trog (Shoals:4)
  A bone dragon (Crypt:3)
  The ghost of dolemite99 the Spear-Bearer, an adept DsCA of Kikubaaqudgha (Depths:1)
  2 shard shrike zombies
  Zenata (Vaults:2)
  2 hellephants (Depths:1)
  A shard shrike skeleton (Crypt:2)
  3 liches
  2 quicksilver dragons (Snake:4)
  Asterion (Snake:1)
  A deep elf blademaster (Elf:2)
  3 deep elf master archers (Elf:3)
  17 acid blobs
  Polyphemus (Shoals:3)
  An ancient champion (Crypt:1)
  4 sphinxes
  2 krakens
  Kirke (D:14)
  A tengu reaver (Vaults:3)
  Roxanne (Snake:4)
  8 azure jellies
  Donald (Snake:3)
  6 nagarajas
  13 rockslimes
  7 orc warlords
  The ghost of spaghetti the Spry, an adept DsNe of Hepliaklqana (Elf:2)
  A frost giant (Shoals:4)
  2 fire giants (Depths:1)
  9 deep elf sorcerers
  5 vault wardens
  A caustic shrike zombie (Crypt:3)
  3 deep elf elementalists
  3 juggernaut zombies (Crypt:3)
  6 ghouls
  4 curse skulls
  10 ironbound preservers
  2 war gargoyles
  2 reapers
  The ghost of MylesGorder the Severer, a journeyman MiFi of Qazlal (Elf:1)
  8 quicksilver oozes
  6 stone giants
  6 ironbound thunderhulks
  The ghost of Taurus the Severer, a journeyman MiFi of the Shining One (Lair:6)
  9 very ugly things
  An entropy weaver (Vaults:1)
  10 deep elf annihilators
  3 deep elf demonologists (Elf:3)
  Nessos (Lair:5)
  7 vampire knights (Crypt:1)
  A putrid mouth (Hell)
  Azrael (D:14)
  8 dire elephants
  10 eidola
  Snorg (Lair:4)
  A mummy priest (Crypt:3)
  3 ettins
  4 deep elf death magi
  11 merfolk impalers
  Josephine (D:11)
  5 merfolk javelineers
  3 jiangshi (Crypt:1)
  13 yaktaur captains
  3 crystal guardians (Vaults:2)
  5 deep elf high priests
  A spriggan zombie (Crypt:3)
  A rakshasa (D:14)
  7 great orbs of eyes
  A fenstrider witch zombie (Crypt:3)
  A quicksilver dragon skeleton (Crypt:2)
  An ogre mage (D:15)
  3 salamander tyrants (Snake:4)
  5 hydras
  11 vault guards
  3 boulder beetles
  10 ironbound frosthearts
  6 two-headed ogres
  4 catoblepae
  A spriggan skeleton (Crypt:2)
  5 anacondas
  4 peacekeepers
  3 merfolk avatars
  Erica (D:9)
  9 dancing weapons
  5 merfolk aquamancers
  12 centaur warriors
  3 satyrs (Shoals:4)
  A deep troll shaman (Lair:6)
  20 naga warriors
  9 death yaks
  11 death knights
  A bennu zombie (Crypt:1)
  2 tengu warriors
  The ghost of zishaf the Wallflower, a journeyman VSBr of Uskayaw (D:13)
  An Orb Guardian skeleton (Crypt:2)
  4 hell hogs (Depths:1)
  9 vampire magi
  7 naga sharpshooters
  6 shock serpents
  A shock serpent (shapeshifter) (D:13)
  5 hell knights (Depths:1)
  An orc high priest (Orc:2)
  13 deep elf knights
  2 soul eaters
  2 sun demons (Hell)
  The ghost of Kazon the Covered, a novice MeFi of Qazlal (D:6)
  Amaemon (D:11)
  An anaconda zombie (Crypt:3)
  5 salamander mystics
  2 shadow wraiths
  21 skeletal warriors
  13 sea snakes
  A titan skeleton (Depths:1)
  23 deep trolls
  A bunyip zombie (Crypt:3)
  A ghost moth zombie (Crypt:1)
  10 naga ritualists
  8 flayed ghosts
  19 phantasmal warriors
  2 spectral merfolk (Shoals:4)
  A glowing orange brain (Depths:1)
  11 deep elf archers
  An obsidian statue (Depths:1)
  2 lindwurms
  10 wizards
  13 ironbound convokers
  Pikel (D:8)
  A bunyip skeleton (Crypt:2)
  6 necromancers
  17 mana vipers
  27 harpies
  14 orc knights
  A jorogumo zombie (Crypt:1)
  An iron dragon zombie (Crypt:1)
  4 orc sorcerers
  29 deep elf pyromancers
  23 ugly things
  14 cyclopes
  23 deep elf zephyrmancers
  2 stone giant zombies (Depths:1)
  4 wolf spiders
  14 salamanders
  A sphinx skeleton (Depths:1)
  11 manticores
  4 shining eyes
  6 fauns
  A naga zombie (Crypt:3)
  5 merfolk sirens
  4 centaur zombies
  An ice statue (IceCv)
  10 guardian serpents
  A black mamba (shapeshifter) (D:14)
  54 black mambas
  2 gargoyles
  13 vault sentinels
  A frost giant skeleton (Depths:1)
  5 toenail golems (Volcano)
  A stone giant skeleton (Depths:1)
  18 elephants (Lair:6)
  12 naga magi
  An eye of devastation (Slime:4)
  A fire giant skeleton (Depths:1)
  3 water nymphs
  10 cane toads
  A naga skeleton (Crypt:2)
  A minotaur zombie (Crypt:3)
  An orange demon (D:11)
  A spectral sea snake (Shoals:4)
  An anaconda simulacrum (IceCv)
  An orb spider zombie (Crypt:2)
  6 yaktaurs
  2 kobold demonologists (Bailey)
  A swamp worm zombie (Crypt:2)
  An entropy weaver simulacrum (IceCv)
  An unseen horror (D:11)
  Maggie (D:7)
  13 freezing wraiths
  6 komodo dragons
  A yellow draconian skeleton (Crypt:2)
  2 tengu conjurers (D:13)
  4 rime drakes
  An ice devil (IceCv)
  A minotaur skeleton (Crypt:1)
  A troll (shapeshifter) (D:14)
  2 harpy zombies (Crypt:3)
  A polar bear (shapeshifter) (Bailey)
  30 merfolk
  7 wind drakes
  A hornet (shapeshifter) (Elf:2)
  4 hornets (Lair:3)
  4 trolls
  4 polar bears
  Grinder (D:4)
  A harpy skeleton (Crypt:2)
  60 slime creatures
  An ettin zombie (Crypt:3)
  27 blink frogs
  10 dream sheep
  Sigmund (D:4)
  8 snapping turtles
  4 air elementals
  3 jumping spiders (Crypt:3)
  24 water elementals
  15 wraiths
  2 spriggans (shapeshifter) (Elf:1)
  2 vampires
  5 basilisks
  5 shadows
  4 hogs (D:14)
  An ushabti (Crypt:3)
  33 yaks
  2 dire elephant simulacra (IceCv)
  4 wyverns
  10 fire elementals
  3 redbacks (Crypt:3)
  10 vampire mosquitoes
  A steam dragon (D:10)
  A catoblepas simulacrum (Lair:6)
  2 golden eyes (Slime:3)
  2 harpy simulacra
  A sea snake simulacrum (Shoals:4)
  12 wargs
  4 death yak simulacra
  A deep troll zombie (Crypt:2)
  2 acid dragons
  40 nagas
  14 water moccasins
  A hydra simulacrum (Lair:6)
  A spectral snapping turtle (Shoals:4)
  3 hell hounds
  Duvessa (D:7)
  43 orc warriors
  A sky beast (D:6)
  A hornet zombie (Crypt:1)
  8 black bears
  2 merfolk simulacra (Shoals:4)
  5 boggarts
  A swamp dragon skeleton (Crypt:1)
  17 wolves
  A black mamba simulacrum (Lair:6)
  9 centaurs
  8 ogres
  2 phantoms
  A lemure (D:8)
  2 kobold brigands
  A draconian zombie (Crypt:1)
  16 necrophages
  16 bullfrogs
  A gnoll sergeant (D:11)
  3 scorpions
  3 cane toad simulacra
  A water nymph simulacrum (Shoals:4)
  An earth elemental (Elf:1)
  8 two-headed ogre simulacra (IceCv)
  8 wights
  Dowan (D:7)
  A troll zombie (Crypt:2)
  A yak zombie (Crypt:2)
  8 wyvern skeletons (Crypt:3)
  A snapping turtle simulacrum (Shoals:4)
  A manticore simulacrum (Shoals:4)
  8 killer bees
  An elephant simulacrum (IceCv)
  4 howler monkeys
  4 electric eels (Bailey)
  A vampire bat (D:3)
  A jelly (D:5)
  14 orc priests
  2 gnoll shamans
  21 orc wizards
  Ijyb (D:4)
  3 iguanas
  4 spriggan simulacra (IceCv)
  6 troll simulacra (IceCv)
  14 hell rats
  5 wolf simulacra (IceCv)
  A mummy (Crypt:3)
  24 gnolls
  6 adders
  6 naga simulacra (IceCv)
  A river rat (D:5)
  A shadow imp (D:6)
  19 white imps
  8 ufetubi
  5 worms
  3 dart slugs
  3 fire bats (D:3)
  75 orcs
  2 spectral bats (D:3)
  3 bat skeletons (D:3)
  A bat zombie (D:3)
  12 endoplasms
  16 giant cockroaches
  16 goblins
  8 hobgoblins
  4 jackals (D:5)
  15 quokkas
  13 ball pythons
  10 bats
  A bat simulacrum (D:3)
  11 frilled lizards
  14 kobolds
  10 rats
  A plant (Shoals:4)
  3 tentacles
1920 creatures vanquished.

Vanquished Creatures (collateral kills)
  2 acid blobs (Slime:4)
  A sphinx (Depths:1)
  A fire dragon (Depths:1)
  A merfolk impaler (Elf:2)
  A rakshasa (Depths:1)
  A hell knight (Depths:1)
  A glowing orange brain (Depths:1)
  A deep troll (Vaults:1)
  A faun (Shoals:4)
  An eye of devastation (Slime:4)
  A merfolk (Shoals:4)
  A yaktaur (Vaults:1)
  10 slime creatures
23 creatures vanquished.

Vanquished Creatures (others)
  A profane servitor (Crypt:3)
  An orc warlord (Elf:2)
  A great orb of eyes (Slime:5)
  An ironbound frostheart (Vaults:1)
  A death knight (Crypt:3)
  A naga sharpshooter (Snake:3)
  A deep elf knight (Elf:2)
  2 skeletal warriors (Crypt:3)
  2 phantasmal warriors
  2 deep elf pyromancers
  A demonic crawler (Hell)
  A rime drake (Lair:6)
  A slime creature (Slime:1)
  A spectral merfolk (Shoals:4)
  An ushabti (Crypt:3)
  A kobold (D:6)
  86 fungi
  172 plants
  6 tentacles
  12 withered plants (Crypt:3)
295 creatures vanquished.

Grand Total: 2238 creatures vanquished

Notes
Turn   | Place    | Note
-------+----------+-------------------------------------------
     0 | D:1      | Pooter the Minotaur Berserker began the quest for the Orb.
     0 | D:1      | Reached XP level 1. HP: 19/19 MP: 0/0
   214 | D:1      | Reached XP level 2. HP: 27/27 MP: 1/1
   461 | D:1      | Reached skill level 4 in Fighting
  1038 | D:2      | Reached XP level 3. HP: 17/33 MP: 2/2
  1352 | D:2      | Found a shadowy altar of Dithmenos.
  1354 | D:2      | Found Buanyqy's Distillery.
  1371 | D:2      | Bought a potion of heal wounds for 50 gold pieces
  1409 | D:2      | Reached skill level 5 in Axes
  1412 | D:2      | Reached XP level 4. HP: 41/41 MP: 3/3
  1655 | D:2      | Bought a potion of might for 40 gold pieces
  2069 | D:3      | Found an opulent altar of Gozag.
  2170 | D:3      | Reached ** piety under Trog
  2427 | D:3      | Reached skill level 5 in Fighting
  2427 | D:3      | Reached XP level 5. HP: 48/48 MP: 4/4
  2847 | D:3      | Identified the +1 buckler of the Prince of Darkness {rF+}
  3250 | D:4      | Reached XP level 6. HP: 54/56 MP: 5/5
  3341 | D:2      | Bought a potion of haste for 100 gold pieces
  3669 | D:4      | Noticed Ijyb
  3669 | D:4      | Noticed Grinder
  3876 | D:5      | Entered Level 5 of the Dungeon
  3975 | D:5      | Found a glowing drain.
  3979 | Sewer    | Entered a sewer
  4034 | Sewer    | Reached skill level 6 in Fighting
  4112 | Sewer    | Reached *** piety under Trog
  4410 | Sewer    | Reached XP level 7. HP: 64/64 MP: 6/6
  4486 | Sewer    | Identified the +1 ring mail of the Vacuum {Int+5}
  5050 | D:5      | Reached skill level 7 in Fighting
  5149 | D:4      | Paralysed by Ijyb for 4 turns
  5162 | D:4      | Killed Ijyb
  5285 | D:2      | Bought a potion of resistance for 100 gold pieces
  5780 | D:6      | Found a runed translucent gate.
  5781 | D:6      | Found a runed translucent gate.
  5782 | D:6      | Found a runed translucent gate.
  5783 | D:6      | Noticed Kazon's ghost (novice MeFi)
  5867 | D:6      | Reached XP level 8. HP: 73/73 MP: 7/7
  5867 | D:6      | Reached **** piety under Trog
  6155 | D:6      | Reached skill level 10 in Axes
  6155 | D:6      | Reached skill level 1 in Crossbows
  6517 | D:6      | Reached skill level 1 in Evocations
  7002 | D:6      | Found a staircase to the Ecumenical Temple.
  7337 | D:7      | Noticed Duvessa
  7337 | D:7      | Noticed Dowan
  7347 | D:7      | Killed Duvessa
  7355 | D:7      | Killed Dowan
  7482 | D:7      | Reached skill level 8 in Fighting
  7707 | D:7      | Noticed Maggie
  7713 | D:7      | Killed Maggie
  7714 | D:7      | Reached XP level 9. HP: 81/81 MP: 8/8
  7889 | D:7      | Reached skill level 5 in Crossbows
  8102 | D:2      | Bought 2 potions of flight for 60 gold pieces
  9057 | D:8      | Found a bloodstained altar of Trog.
  9264 | D:2      | Bought a potion of might for 40 gold pieces
  9750 | D:8      | Found a hazy altar of Hepliaklqana.
  9784 | D:8      | Noticed Pikel
  9791 | D:8      | Killed Pikel
  9792 | D:8      | Reached skill level 9 in Fighting
 10012 | D:8      | Found a stormy altar of Qazlal.
 10023 | D:8      | Found a broken altar of Ashenzari.
 10048 | D:9      | Noticed a two-headed ogre
 10154 | D:9      | Found a glowing silver altar of Zin.
 10154 | D:9      | Noticed Erica
 10156 | D:9      | Found a white marble altar of Elyvilon.
 10165 | D:9      | Killed Erica
 10166 | D:9      | Reached XP level 10. HP: 36/91 MP: 9/9
 10366 | D:9      | Found a flagged portal.
 10378 | Bailey   | Entered a bailey
 10733 | Bailey   | Acquired an amulet of reflection
 10740 | Bailey   | Acquired the +2 shield of Resistance {rF++ rC++ Will++}
 10740 | Bailey   | Found the +2 shield of Resistance {rF++ rC++ Will++}
 10794 | Bailey   | Found an iron altar of Okawaru.
 10870 | Bailey   | Identified the +7 hand crossbow of Havoc {venom, rF- rCorr
                  | Int+2}
 10900 | Bailey   | Identified the +1 robe "Gado" {Harm}
 10901 | Bailey   | Identified the +1 leather armour of the Moon {rPois Int+4}
 10923 | Bailey   | Reached skill level 15 in Axes
 10923 | Bailey   | Reached skill level 10 in Crossbows
 10923 | Bailey   | Reached XP level 11. HP: 99/99 MP: 10/10
 11437 | D:9      | Killed a two-headed ogre
 11438 | D:9      | Reached skill level 1 in Throwing
 11438 | D:9      | Reached skill level 1 in Shields
 11701 | D:9      | Reached skill level 10 in Fighting
 11702 | D:9      | Found a staircase to the Lair.
 11758 | D:9      | Reached skill level 5 in Evocations
 12048 | D:9      | Found a glowing golden altar of the Shining One.
 12140 | D:10     | Entered Level 10 of the Dungeon
 12378 | D:10     | Reached XP level 12. HP: 88/106 MP: 11/11
 12472 | D:10     | Found Cuxodd's Lightly-Used Armoury.
 13029 | Lair:1   | Entered Level 1 of the Lair of Beasts
 14160 | Lair:2   | Found a staircase to the Snake Pit.
 14218 | Lair:2   | Found a staircase to the Shoals.
 14740 | Lair:2   | Found a frozen archway.
 14744 | IceCv    | Entered an ice cave
 14753 | IceCv    | Reached skill level 5 in Dodging
 14892 | IceCv    | Reached skill level 5 in Shields
 15189 | IceCv    | Reached skill level 11 in Fighting
 15400 | IceCv    | Noticed a reaper
 15424 | IceCv    | Killed a reaper
 15492 | IceCv    | Reached XP level 13. HP: 116/116 MP: 12/12
 15494 | IceCv    | Identified the amulet "Yrowirirr" {Acrobat Fly rPois Int-2}
 17060 | Lair:3   | Reached skill level 5 in Throwing
 17681 | Lair:3   | Reached XP level 14. HP: 124/124 MP: 13/13
 18488 | Lair:4   | Upgraded the game from 0.29-a0-555-g3b24f45cc1 to
                  | 0.29-a0-557-g43b9904bd1
 18550 | Lair:4   | Reached ***** piety under Trog
 19485 | Lair:5   | Found a dark tunnel.
 19498 | Volcano  | Entered a volcano
 19558 | Volcano  | Reached skill level 12 in Fighting
 19854 | Volcano  | Reached skill level 5 in Armour
 19997 | Lair:5   | Noticed Snorg
 20022 | Lair:4   | Killed Snorg
 20541 | Lair:5   | Found a staircase to the Slime Pits.
 20877 | Lair:5   | Noticed Nessos
 20918 | Lair:5   | Killed Nessos
 21376 | Lair:6   | Entered Level 6 of the Lair of Beasts
 22156 | Lair:6   | Received a gift from Trog
 22376 | Lair:6   | Reached skill level 10 in Dodging
 22393 | Lair:6   | Reached XP level 15. HP: 106/134 MP: 14/14
 22400 | Lair:6   | Reached skill level 13 in Fighting
 22645 | Lair:6   | Identified the amulet "Woof" {Acrobat rC++}
 23130 | Lair:6   | Found a runed translucent gate.
 23130 | Lair:6   | Found a runed translucent gate.
 23134 | Lair:6   | Found a runed translucent gate.
 23156 | Lair:6   | Noticed Taurus's ghost (journeyman MiFi)
 23180 | Lair:6   | Killed Taurus's ghost
 23257 | Lair:6   | Got the ring "Weshraiq" {Fire rElec rN+++ Dex-5 SInv}
 24157 | D:11     | Found Imorirruu's General Store.
 24444 | D:11     | Bought a wand of iceblast (2) for 84 gold pieces
 24444 | D:11     | Bought a wand of iceblast (4) for 112 gold pieces
 24444 | D:11     | Bought a wand of acid (4) for 224 gold pieces
 24444 | D:11     | Bought a wand of digging (4) for 224 gold pieces
 24473 | D:11     | Identified the +6 rapier of a wizard's laboratory
                  | {antimagic, *Corrode rN+ Str+2 SInv}
 24514 | D:11     | Noticed Josephine
 24531 | D:11     | Killed Josephine
 24663 | D:11     | Noticed Amaemon
 24673 | D:11     | Killed Amaemon
 24880 | D:12     | Found a staircase to the Orcish Mines.
 24890 | Orc:1    | Entered Level 1 of the Orcish Mines
 25264 | Orc:1    | Reached skill level 1 in Maces & Flails
 25569 | Orc:2    | Entered Level 2 of the Orcish Mines
 26085 | Orc:2    | Noticed an orc warlord
 26106 | Orc:2    | Killed an orc warlord
 26786 | Orc:2    | Found Oseakuorch's General Store.
 26793 | Orc:2    | Bought a scroll of identify for 28 gold pieces
 26793 | Orc:2    | Bought a potion of curing for 42 gold pieces
 26844 | Orc:2    | Found Buac's Jewellery Shoppe.
 26874 | Orc:2    | Found Naeh Nop's Antique Armour Shoppe.
 26880 | Orc:2    | Bought a pair of runed boots for 232 gold pieces
 26970 | Orc:2    | Found a staircase to the Elven Halls.
 27001 | Orc:2    | Found Relyniac's Antique Weapon Shoppe.
 27496 | D:12     | Reached skill level 14 in Fighting
 27654 | D:12     | Found Fanirchio's General Store.
 27663 | D:12     | Bought a potion of resistance for 130 gold pieces
 27663 | D:12     | Bought a scroll of blinking for 97 gold pieces
 27663 | D:12     | Bought a potion of curing for 39 gold pieces
 27663 | D:12     | Bought a potion of mutation for 104 gold pieces
 27663 | D:12     | Bought a scroll of identify for 26 gold pieces
 29047 | D:13     | Found a runed translucent door.
 29047 | D:13     | Found a shimmering altar of Xom.
 29047 | D:13     | Noticed zishaf's ghost (journeyman VSBr)
 29084 | D:13     | Killed zishaf's ghost
 29085 | D:13     | Reached XP level 16. HP: 146/146 MP: 15/15
 29651 | D:14     | Noticed Azrael
 29682 | D:14     | Killed Azrael
 30183 | D:14     | Noticed Kirke
 30193 | D:14     | Killed Kirke
 30269 | D:14     | Found a gate to the Vaults.
 30275 | D:14     | Reached skill level 5 in Maces & Flails
 30278 | D:14     | Reached skill level 5 in Stealth
 30775 | D:15     | Entered Level 15 of the Dungeon
 30927 | D:15     | Reached skill level 10 in Evocations
 31162 | D:15     | Reached skill level 10 in Armour
 31162 | D:15     | Received a gift from Trog
 32055 | D:15     | Found a staircase to the Depths.
 32327 | D:4      | Noticed Sigmund
 32332 | D:4      | Killed Sigmund
 32366 | D:4      | Killed Grinder
 32631 | D:6      | Killed Kazon's ghost
 33473 | Elf:1    | Entered Level 1 of the Elven Halls
 33601 | Elf:1    | Reached skill level 15 in Fighting
 33625 | Elf:1    | Found a runed translucent door.
 33625 | Elf:1    | Noticed MylesGorder's ghost (journeyman MiFi)
 33656 | Elf:1    | Found a radiant altar of Vehumet.
 33959 | Elf:1    | Paralysed by an air elemental for 1 turns
 33964 | Elf:1    | Paralysed by an air elemental for 1 turns
 33987 | Elf:1    | Received a gift from Trog
 34445 | Elf:1    | Killed MylesGorder's ghost
 35007 | Elf:2    | Reached XP level 17. HP: 130/156 MP: 16/16
 35141 | Elf:2    | Found a runed translucent gate.
 35143 | Elf:2    | Found a runed translucent gate.
 35143 | Elf:2    | Found a runed translucent gate.
 35144 | Elf:2    | Noticed a deep elf blademaster
 35145 | Elf:2    | Noticed spaghetti's ghost (adept DsNe)
 35226 | Elf:2    | Found Qizobbiq's Magic Scroll Shop.
 35238 | Elf:2    | Identified the +3 war axe "Tinaxicsa" {vorpal, Str+4} (Trog
                  | gifted it to you on level 2 of the Elven Halls)
 35238 | Elf:2    | Received a gift from Trog
 35276 | Elf:2    | Bought 3 scrolls of immolation for 136 gold pieces
 35276 | Elf:2    | Bought a scroll of acquirement for 676 gold pieces
 35276 | Elf:2    | Bought a scroll of immolation for 45 gold pieces
 35276 | Elf:2    | Acquired a manual of Stealth
 35525 | Elf:2    | Found a runed translucent gate.
 35525 | Elf:2    | Found a runed translucent gate.
 35526 | Elf:2    | Found a runed translucent gate.
 35732 | Elf:2    | Found an iron altar of Okawaru.
 36113 | Elf:2    | Killed a deep elf blademaster
 36113 | Elf:2    | Killed spaghetti's ghost
 36471 | Elf:3    | Entered Level 3 of the Elven Halls
 36481 | Elf:3    | Paralysed by an air elemental for 1 turns
 36488 | Elf:3    | Paralysed by an air elemental for 1 turns
 36500 | Elf:3    | Acquired the +0 pair of gloves of Insurance {+Inv rF+
                  | Will-}
 37152 | Elf:3    | Noticed a deep elf master archer
 37156 | Elf:3    | Killed a deep elf master archer
 37157 | Elf:3    | Reached skill level 16 in Fighting
 37160 | Elf:3    | Noticed an Ice Fiend
 37176 | Elf:3    | Noticed a deep elf master archer
 37180 | Elf:3    | Noticed a deep elf master archer
 37181 | Elf:3    | Killed a deep elf master archer
 37184 | Elf:3    | Killed a deep elf master archer
 37362 | Elf:3    | Identified the +5 dagger "Meucus" {freeze, rF+ MP+9 Str-4
                  | Dex+3 SInv}
 37362 | Elf:3    | Identified the ring of the Final Decision {rElec rC- rN+
                  | Str+5 Dex+6}
 37412 | Elf:3    | Identified the ring "Xehasynwi" {Fly rPois rCorr SInv}
 37436 | Elf:3    | Identified the +11 long sword of Chagrin {vorpal, rF++
                  | Will++ Int-5}
 37475 | Elf:3    | Identified the ring "Aleawus" {Int+4 Dex+6}
 37526 | Elf:3    | Identified the +8 hand axe of Guilt {flame, Int+2}
 37530 | Elf:3    | Acquired 1310 gold pieces
 37536 | Elf:3    | Identified the +7 morningstar of the Dwarven Hall {flame,
                  | rN+ Dex+5}
 37757 | Elf:3    | Identified the ring of Neadghom {rF- MP+9 Int+6}
 37773 | Elf:3    | Identified the +2 pair of boots "Qames" {rC- rN+ Slay+5}
 38230 | Snake:1  | Entered Level 1 of the Snake Pit
 38601 | Snake:1  | Identified the +9 chain mail of Monotheism {Drain rN+++}
 38621 | Snake:1  | Reached XP level 18. HP: 167/167 MP: 17/17
 38888 | Snake:1  | Noticed Asterion
 38906 | Snake:1  | Killed Asterion
 39804 | Snake:1  | Upgraded the game from 0.29-a0-557-g43b9904bd1 to
                  | 0.29-a0-559-g359e09b9d1
 39807 | Snake:2  | Noticed Saint Roka
 39898 | Snake:1  | Killed Saint Roka
 39963 | Snake:1  | Received a gift from Trog
 40246 | Snake:2  | Reached skill level 10 in Stealth
 40479 | Snake:2  | Found Joshra's Jewellery Shop.
 40480 | Snake:2  | Found Voh Hyxt's Book Shoppe.
 40480 | Snake:2  | Found Oluanaid's Book Shoppe.
 41167 | Snake:3  | Noticed Donald
 41176 | Snake:3  | Killed Donald
 41629 | Snake:4  | Entered Level 4 of the Snake Pit
 41713 | Snake:4  | Received a gift from Trog
 41730 | Snake:4  | Reached skill level 17 in Fighting
 41956 | Snake:4  | Noticed Roxanne
 41991 | Snake:4  | Killed Roxanne
 42051 | Snake:4  | Reached XP level 19. HP: 135/177 MP: 18/18
 42748 | Snake:4  | Received a gift from Trog
 43207 | Snake:4  | Got a serpentine rune of Zot
 43376 | Shoals:1 | Entered Level 1 of the Shoals
 45038 | Shoals:2 | Found Eschuih's Weapon Shoppe.
 45046 | Shoals:2 | Bought 4 silver boomerangs for 78 gold pieces
 45177 | Shoals:3 | Received a gift from Trog
 45239 | Shoals:3 | Reached ****** piety under Trog
 45643 | Shoals:3 | Reached skill level 10 in Shields
 45843 | Shoals:3 | Noticed Polyphemus
 45851 | Shoals:3 | Killed Polyphemus
 45949 | Shoals:3 | Noticed Nikola
 46042 | Shoals:2 | Killed Nikola
 46491 | Shoals:4 | Entered Level 4 of the Shoals
 46497 | Shoals:4 | Reached skill level 10 in Throwing
 46784 | Shoals:4 | Found a runed translucent gate.
 46785 | Shoals:4 | Found a runed translucent gate.
 46808 | Shoals:4 | Identified the +4 dagger of Mengu {freeze, Drain rF+ Dex+3}
 46909 | Shoals:4 | Identified the amulet of Yendor {RegenMP Str+4}
 46986 | Shoals:4 | Reached XP level 20. HP: 187/187 MP: 19/19
 47140 | Shoals:4 | Received a gift from Trog
 47187 | Shoals:4 | Found a runed translucent gate.
 47197 | Shoals:4 | Noticed Pooter's ghost (adept MiBe)
 47211 | Shoals:4 | Reached skill level 18 in Fighting
 47228 | Shoals:4 | Killed Pooter's ghost
 47256 | Shoals:4 | Identified the +0 hat of Dim Light {-Tele Will+ Regen+
                  | Slay+3}
 47257 | Shoals:4 | Identified the amulet of the Firefly {Spirit Will+ Int+2}
 47599 | Shoals:4 | Got a barnacled rune of Zot
 48114 | Slime:1  | Entered Level 1 of the Pits of Slime
 48138 | Lair:5   | Received a gift from Trog
 48319 | Slime:3  | Reached skill level 15 in Armour
 48439 | Slime:3  | Gained mutation: Your body sometimes deteriorates upon
                  | taking damage. [a shining eye]
 48440 | Slime:3  | Gained mutation: Your magical capacity is low. (-10% MP) [a
                  | shining eye]
 48524 | Slime:5  | Entered Level 5 of the Pits of Slime
 48870 | Slime:5  | Reached skill level 15 in Dodging
 49029 | Slime:5  | Noticed the Royal Jelly
 49051 | Slime:5  | Killed the Royal Jelly
 49313 | Slime:5  | Found the +13 scythe of Curses {drain, Drain}
 49323 | Slime:5  | Identified the +1 chain mail "Ownyxt" {Dex+2}
 49356 | Slime:5  | Got a slimy rune of Zot
 49359 | Slime:5  | Identified the ring "Zaitus" {Fly rN+ SInv}
 49379 | Slime:5  | Identified the +0 shortbow "Spider's Peril" {freeze, rF+
                  | rCorr MP+9 Dex-4}
 49397 | Slime:5  | Identified the +8 chain mail of Xom's Fury {Int+3}
 49664 | Lair:5   | Lost mutation: Your body sometimes deteriorates upon taking
                  | damage. [potion of mutation]
 49664 | Lair:5   | Lost mutation: Your magical capacity is low. (-10% MP)
                  | [potion of mutation]
 49664 | Lair:5   | Gained mutation: Armour fits poorly on your strangely
                  | shaped body. [potion of mutation]
 49664 | Lair:5   | Gained mutation: You have sharp toenails. [potion of
                  | mutation]
 49665 | Lair:5   | Lost mutation: You have sharp toenails. [potion of
                  | mutation]
 49665 | Lair:5   | Lost mutation: Armour fits poorly on your strangely shaped
                  | body. [potion of mutation]
 49665 | Lair:5   | Gained mutation: You occasionally shout uncontrollably at
                  | your foes. [potion of mutation]
 49665 | Lair:5   | Gained mutation: You tend to lose your temper in combat.
                  | [potion of mutation]
 49665 | Lair:5   | Gained mutation: You are partially covered in iridescent
                  | scales. (AC +2) [potion of mutation]
 49665 | Lair:5   | Gained mutation: You have supernaturally acute eyesight.
                  | (SInv) [potion of mutation]
 49666 | Lair:5   | Lost mutation: You are partially covered in iridescent
                  | scales. (AC +2) [potion of mutation]
 49666 | Lair:5   | Lost mutation: You have supernaturally acute eyesight.
                  | (SInv) [potion of mutation]
 49666 | Lair:5   | Lost mutation: You occasionally shout uncontrollably at
                  | your foes. [potion of mutation]
 49666 | Lair:5   | Gained mutation: You are robust. (+10% HP) [potion of
                  | mutation]
 49666 | Lair:5   | Gained mutation: Your muscles are strong. (Str +2) [potion
                  | of mutation]
 49667 | Lair:5   | Lost mutation: You are robust. (+10% HP) [potion of
                  | mutation]
 49667 | Lair:5   | Lost mutation: Your muscles are strong. (Str +2) [potion of
                  | mutation]
 49667 | Lair:5   | Lost mutation: You tend to lose your temper in combat.
                  | [potion of mutation]
 49667 | Lair:5   | Gained mutation: You are partially covered in iridescent
                  | scales. (AC +2) [potion of mutation]
 49667 | Lair:5   | Gained mutation: You are mostly covered in iridescent
                  | scales. (AC +4) [potion of mutation]
 49667 | Lair:5   | Gained mutation: You are completely covered in iridescent
                  | scales. (AC +6) [potion of mutation]
 49667 | Lair:5   | Gained mutation: You passively map a small area around you.
                  | [potion of mutation]
 49865 | Vaults:1 | Entered Level 1 of the Vaults
 50280 | Vaults:1 | Reached XP level 21. HP: 195/196 MP: 20/20
 50854 | Vaults:1 | Reached skill level 19 in Fighting
 51346 | Vaults:2 | Received a gift from Trog
 51641 | Vaults:2 | Noticed Frederick
 51655 | Vaults:2 | Killed Frederick
 51715 | Vaults:2 | Noticed Zenata
 51735 | Vaults:2 | Killed Zenata
 52671 | Vaults:2 | Received a gift from Trog
 53412 | Vaults:3 | Found a staircase to the Crypt.
 53421 | Crypt:1  | Entered Level 1 of the Crypt
 53647 | Crypt:1  | Found a basalt altar of Yredelemnul.
 53862 | Crypt:1  | You fall into a shaft and drop 1 floor!
 53979 | Crypt:1  | Found an ancient bone altar of Kikubaaqudgha.
 54520 | Crypt:1  | Received a gift from Trog
 54664 | Crypt:1  | Reached XP level 22. HP: 201/209 MP: 21/21
 55490 | Crypt:2  | Reached skill level 20 in Fighting
 56538 | Crypt:3  | Entered Level 3 of the Crypt
 56762 | Crypt:3  | Received a gift from Trog
 57663 | Crypt:3  | Found a basalt altar of Yredelemnul.
 58348 | Crypt:3  | Found a staircase to the Tomb.
 59118 | Crypt:3  | Identified the ring of Qetrapye {rF+ rC+ rN+ Stlth+}
 59118 | Crypt:3  | Identified the ring of the Establishment {rC+ rN+}
 59145 | Crypt:3  | Received a gift from Trog
 59414 | Vaults:3 | Upgraded the game from 0.29-a0-559-g359e09b9d1 to
                  | 0.29-a0-563-g64e4043184
 59632 | Vaults:3 | Found a portal to a secret trove of treasure.
 59871 | Vaults:3 | Identified the +1 ring mail "Odothami" {rN+++ Str-3 Int+4
                  | Dex+2}
 60841 | Vaults:4 | Reached XP level 23. HP: 160/218 MP: 22/22
 61156 | Vaults:4 | Identified the +7 war axe of Yzut {vorpal, rPois Dex+3}
                  | (Trog gifted it to you on level 4 of the Vaults)
 61156 | Vaults:4 | Received a gift from Trog
 61980 | Depths:1 | Entered Level 1 of the Depths
 62206 | Depths:1 | Found Mithism's Fire Supplies.
 62290 | Depths:1 | Reached skill level 21 in Fighting
 62513 | Depths:1 | Found a one-way gate to the infinite horrors of the Abyss.
 62629 | Depths:1 | Reached skill level 15 in Evocations
 62700 | Depths:1 | Found a runed translucent gate.
 62701 | Depths:1 | Found a runed translucent gate.
 62701 | Depths:1 | Found an opulent altar of Gozag.
 62701 | Depths:1 | Found a runed translucent gate.
 62702 | Depths:1 | Noticed dolemite99's ghost (adept DsCA)
 62703 | Depths:1 | Found Meecwath's Assorted Antiques.
 62724 | Depths:1 | Killed dolemite99's ghost
 62808 | Depths:1 | Bought a scroll of summoning for 285 gold pieces
 62808 | Depths:1 | Bought a potion of might for 120 gold pieces
 63072 | Depths:1 | Found a gateway to Hell.
 63086 | Hell     | Entered the Vestibule of Hell
 63086 | Hell     | Noticed Geryon
 63100 | Hell     | Killed Geryon
 63121 | Hell     | HP: 8/209 [putrid mouth (9)]
 63123 | Hell     | Killed from afar by a war gargoyle

Illustrated notes

Levels and vault maps discovered:
D:1:      lemuel_arrival_behind_the_door_small, layout_basic, minivault_23,
          roderic_serpentine_path
D:2:      layout_basic, serial_shops, shop, basic_altar
D:3:      layout_loops_corners, nicolae_gozag_cash_rules_everything_around_me,
          goddamned_bats
D:4:      layout_basic, minmay_distorted, uniq_sigmund, uniq_ijyb, uniq_grinder
D:5:      layout_basic, serial_rivers, chequers_serial_rivers_large_b,
          chequers_serial_rivers_room_a, chequers_serial_rivers_room_a,
          chequers_serial_rivers_marsh, gup_sewer_entry_bowl
D:6:      layout_rooms, minmay_temple_entry_butterflies,
          serial_co_window_serial, co_window_paths_a, co_window_corner_a,
          co_window_of_opportunity_a, co_window_paths_b, co_window_paths_b,
          co_window_paths_a, co_window_broadway_c, co_window_corner_cb,
          co_window_corner_ca, co_window_broadway_c, co_window_of_opportunity_c,
          co_window_corner_b, co_window_4corner_b, glass_columns_b,
          glass_columns_a, glass_columns_c, glass_columns_a, glass_columns_c,
          biasface_ghost_orc_armoury
D:7:      layout_loops_cross, uniq_duvessa, uniq_maggie
D:8:      layout_loops_ring, nicolae_overflow_quartered_altars, uniq_pikel
D:9:      layout_long_grid, dreamdust_divine_triumvirate,
          due_lair_maze_entry_diamond, enter_bailey_8, uniq_erica
D:10:     nicolae_cairo_tiling_large_dashed, layout_gridville,
          minmay_shop_damaged
D:11:     layout_rooms, serial_shops, nicolae_shop_waterfront, uniq_amaemon,
          uniq_josephine
D:12:     layout_loops_corners, hiddenorc1_lemuel, serial_shops,
          nicolae_shop_advertising_works [nicolae_subvault_shop_adworks],
          minmay_radiant
D:13:     layout_irregular_city, ebering_ghost_xom
D:14:     layout_long_grid, lightli_vaults_fourway_checkpoint,
          minmay_misc_feat_columns, minmay_fractal_squares_5, uniq_azrael,
          uniq_kirke
D:15:     hangedman_depths_entry_try_elsewhere_first, layout_stronghold,
          serial_column_ruins, column_ruins_hut, column_ruins_square_medium,
          column_ruins_open_small, column_ruins_open_tiny,
          column_ruins_open_small, column_ruins_open_medium,
          column_ruins_columns_straight, minmay_misc_feat_roman,
          minmay_misc_feat_alley
Lair:1:   layout_regular_city, grunt_megastairs_4
Lair:2:   layout_cave_pods, minmay_shoals_entry_centaurs,
          minmay_snake_entry_guardpost_medium, portal_ice_cave_entry_imps
Lair:3:   cheibrodos_lair_overgrown_chateau, layout_layer_cave,
          lemuel_fruit_tree
Lair:4:   layout_roguey, kilobyte_rumbling_trees, infiniplex_staircase_pool_2
Lair:5:   layout_loops_ring, slime_dummy, nicolae_volcano_entry_vermiform,
          beast_lair_carwin_11, uniq_snorg, uniq_nessos
Lair:6:   grunt_lair_end_beastmaster, layout_regular_city, gammafunk_ghost_icy,
          chequers_serial_rivers_small_b
Shoals:1: cheibrodos_shoals_roost, layout_shoals, st_shoals_ruin
Shoals:2: layout_shoals, serial_shops, shop_statue
Shoals:3: layout_shoals, uniq_nikola, uniq_polyphemus
Shoals:4: shoals_end_grunt_ice, layout_shoals, gammafunk_ghost_necromancy
Snake:1:  layout_layer_cave, uniq_asterion
Snake:2:  layout_onion_interference, minmay_shop_grove, uniq_saint_roka
Snake:3:  layout_cave_town, uniq_donald
Snake:4:  hellmonk_snake_rune_quicksilver_temple, layout_cave_town, st_stairs_9,
          nicolae_snake_lava_pool, serial_bayou_shore_b, grunt_megastairs_1,
          uniq_roxanne
Slime:1:  layout_caves
Slime:2:  layout_caves
Slime:3:  layout_caves
Slime:4:  layout_caves, basic_altar
Slime:5
Orc:1:    layout_caves
Orc:2:    grunt_orc_cross, layout_diamond_mine, elves_outpost_lemuel
Elf:1:    elf_arrival_002, layout_loops_cross, hellmonk_ghost_big_iron,
          basic_altar, minivault_28
Elf:2:    nicolae_elf_blades_splatter_lattice
          [nicolae_blade_entry_area_security], layout_geoelf_diagonals,
          serial_shops, shop, gammafunk_ghost_fury_of_okawaru, uniq_jorgrun
Elf:3:    minmay_elf_hall_furrowed, layout_rooms
Vaults:1: grunt_vaults_focal, nicolae_vaults_angled_halls, v_rooms_2,
          vaults_room_ringed_pool, hangedman_vaults_locks, st_cells, v_misc_30,
          grunt_vaults_trifunnel, hangedman_vaults_stretched_pinwheel,
          nicolae_vaults_diagonal_hallway_7, nicolae_vaults_specimen_jars,
          layout_vaults_maze_snakey
Vaults:2: hangedman_vaults_river_flow, v_misc_18, nicolae_vaults_murderbox,
          ontoclasm_vaults_ligature, v_misc_19, v_alt_pattern_6, v_misc_24,
          vaults_room_grunt_arrival_checkpoint, ontoclasm_vaults_loading_screen,
          nicolae_vaults_hallways_thing, grunt_vaults_hallway_long,
          vaults_dpeg_diagonal, ontoclasm_vaults_tryst, dpeg_vaults_monster_box,
          layout_vaults_ring, uniq_frederick, uniq_zenata
Vaults:3: vaults_room_hallway, nicolae_vaults_three_branches,
          vaults_room_door_ring, v_misc_32, layout_vaults_omnigrid,
          blue_anna_dwarven_crypt, enter_trove_1
Vaults:4: hangedman_vaults_variations, nicolae_vaults_circle_grid_b,
          ontoclasm_vaults_ring_large, nicolae_vaults_yaktaur_gun_rack,
          nicolae_vaults_triangles, nicolae_vaults_ninety_degrees,
          grunt_vaults_bifocal, vaults_room_grunt_arrival_ludios,
          nicolae_vaults_little_ls, nicolae_vaults_stairing_the_circle,
          ontoclasm_vaults_hangar, nicolae_vaults_theta,
          vaults_dpeg_encased_lava, layout_vaults_big_cross
Crypt:1:  layout_regular_city, grunt_ministairs_10, hangedman_feature_mirror,
          nicolae_crypt_twisting_catacombs, st_stairs_14, st_vampire_maze
Crypt:2:  layout_catacombs, chequers_big_river
Crypt:3:  evilmike_haunted_forest
Depths:1: layout_gridlike, abyss_entry_small_statue_room, ebering_ghost_gozag,
          grunt_hell_horde, dreamdust_wishing_well, nicolae_shop_fire_sale
          [nicolae_sub_dead_trees], nooodl_orcs_dogs, kennysheep_random_hallway
Hell

Skill      XL: |  1  2  3  4  5  6  7  8  9 10 11 12 13 14 15 16 17 18 19 20 21 22 23 |
---------------+----------------------------------------------------------------------+-----
Axes           | 4 5 6 7 8 9 11 12 15 16 17 18 19 20 | 20.1
Fighting       | 4 5 6 7 8 9 10 11 12 14 15 16 17 18 19 20 21 | 21.2
Crossbows      | 4 7 10 12 13 14 | 14.3
Evocations     | 2 4 5 6 8 9 10 11 12 13 14 15 | 15.1
Throwing       | 2 4 5 7 9 10 11 12 13 | 13.8
Shields        | 3 5 6 8 10 12 | 12.0
Dodging        | 3 7 8 10 11 12 13 14 15 16 17 | 17.9
Stealth        | 4 6 9 10 12 13 | 13.9
Armour         | 3 6 9 11 12 13 14 15 17 18 | 18.7
Maces & Flails | 4 5 |  5.4

Action                   |  1- 3 |  4- 6 |  7- 9 | 10-12 | 13-15 | 16-18 | 19-21 | 22-24 || total
-------------------------+-------+-------+-------+-------+-------+-------+-------+-------++-------
Melee: Hand axe          |    50 |       |       |       |       |       |       |       ||    50
       Headbutt          |    10 |    16 |    23 |    74 |   215 |   236 |   357 |   271 ||  1202
       Quarterstaff      |    15 |     1 |       |       |       |       |       |       ||    16
       Flail             |       |   158 |   118 |       |       |       |       |       ||   276
       War axe           |       |       |    68 |   286 |    38 |       |       |       ||   392
       Battleaxe         |       |       |    33 |    47 |       |       |       |       ||    80
       Broad axe         |       |       |       |       |   803 |   910 |  1056 |   567 ||  3336
       Scimitar          |       |       |       |       |    25 |       |       |       ||    25
       Demon whip        |       |       |       |       |       |     4 |       |       ||     4
       Trishula          |       |       |       |       |       |       |     6 |   273 ||   279
 Fire: Hunting sling     |       |    57 |     6 |       |       |       |       |       ||    63
       Hand crossbow     |       |       |    33 |   154 |   476 |   378 |   290 |   109 ||  1440
Throw: Stone             |     6 |    34 |       |     9 |    15 |       |       |       ||    64
       Dart              |       |       |     2 |       |       |       |       |       ||     2
       Boomerang         |       |       |       |     1 |     4 |    48 |    71 |    39 ||   163
       Javelin           |       |       |       |       |       |     5 |     2 |     3 ||    10
Invok: Berserk           |     1 |     3 |     9 |     5 |    15 |     7 |     9 |     3 ||    52
       Trog's Hand       |       |     2 |     9 |    14 |    28 |    27 |    30 |    19 ||   129
       Brothers in Arms  |       |       |       |       |       |     2 |     6 |     3 ||    11
 Abil: Evoke Invisibilit |       |       |       |       |       |       |     1 |     1 ||     2
Evoke: Wand              |       |       |     4 |    10 |     8 |    18 |    19 |     5 ||    64
       Tin of tremorston |       |       |       |       |       |     2 |     3 |     1 ||     6
       Condenser vane    |       |       |       |       |       |     1 |     2 |     1 ||     4
       Box of beasts     |       |       |       |       |       |       |     1 |       ||     1
  Use: Scroll            |       |     6 |     9 |     8 |    23 |    17 |    14 |     5 ||    82
       Potion            |       |       |     1 |     2 |     3 |     5 |    12 |     2 ||    25
 Stab: Petrified         |       |       |       |       |    19 |       |     1 |       ||    20
       Paralysed         |       |       |       |       |     7 |       |     6 |     3 ||    16
       Petrifying        |       |       |       |       |     2 |       |     1 |       ||     3
       Invisible         |       |       |       |       |       |    17 |       |     5 ||    22
       Distracted        |       |       |       |       |       |       |     1 |       ||     1
Armor: Scale mail        |    24 |    31 |       |       |       |       |       |       ||    55
       Animal skin       |     1 |       |       |       |       |       |       |       ||     1
       Ring mail         |       |    59 |    10 |       |       |       |       |       ||    69
       Plate armour      |       |       |   143 |   163 |   577 |   414 |   573 |   304 ||  2174
Dodge: Dodged            |    34 |   109 |    76 |    86 |   340 |   346 |   431 |   209 ||  1631
       Repelled          |       |       |       |       |       |     8 |    16 |     5 ||    29
Block: Buckler           |       |    18 |    32 |       |       |       |       |       ||    50
       Kite shield       |       |       |       |   247 |   646 |   900 |   940 |   555 ||  3288
       Reflection        |       |       |       |    13 |     4 |   115 |    86 |    28 ||   246
       Orb               |       |       |       |       |       |       |    41 |       ||    41

Table legend: (Time is in decaauts)
 A = Elapsed time spent in this place.
 B = Non-inter-level travel time spent in this place.
 C = Inter-level travel time spent in this place.
 D = Time resting spent in this place.
 E = Time spent auto-exploring this place.
 F = Levels seen in this place.
 G = Mean time per level.
                   A        B        C        D        E       F      G
               +--------+--------+--------+--------+--------+-----+--------+
         Total |  63708 |  59495 |   4213 |  11423 |  33746 |  52 | 1225.2 |
       Dungeon |  19213 |  17022 |   2191 |   3423 |  10489 |  15 | 1280.9 |
          Lair |   9705 |   9086 |    619 |   1931 |   5245 |   6 | 1617.5 |
        Shoals |   4716 |   4496 |    220 |    724 |   2647 |   4 | 1179.0 |
     Snake Pit |   5153 |   5022 |    131 |    955 |   2716 |   4 | 1288.2 |
    Slime Pits |   1380 |   1380 |      0 |    560 |    181 |   5 |  276.0 |
  Orcish Mines |   2516 |   2302 |    214 |    442 |    907 |   2 | 1258.0 |
   Elven Halls |   4616 |   4459 |    157 |    517 |   2624 |   3 | 1538.7 |
        Vaults |   6078 |   5628 |    450 |    274 |   4193 |   4 | 1519.5 |
         Crypt |   5782 |   5556 |    226 |    943 |   3489 |   3 | 1927.3 |
        Depths |    881 |    881 |      0 |    274 |    304 |   1 |  881.0 |
          Hell |     31 |     31 |      0 |      0 |      0 |   1 |   31.0 |
         Sewer |    632 |    632 |      0 |    147 |    180 |   1 |  632.0 |
        Bailey |   1090 |   1090 |      0 |    325 |    451 |   1 | 1090.0 |
      Ice Cave |   1456 |   1456 |      0 |    795 |    242 |   1 | 1456.0 |
       Volcano |    452 |    452 |      0 |    106 |     76 |   1 |  452.0 |
               +--------+--------+--------+--------+--------+-----+--------+

Top non-repeatable levels by time:
 Crypt:3: 2648 daAuts
  Lair:6: 2328 daAuts
 Snake:1: 1895 daAuts
   Elf:2: 1869 daAuts
     D:6: 1835 daAuts
  Lair:3: 1811 daAuts
 Snake:4: 1695 daAuts
   Orc:2: 1689 daAuts
  Lair:5: 1663 daAuts
Vaults:4: 1660 daAuts
 Crypt:1: 1625 daAuts
    D:15: 1611 daAuts
Vaults:2: 1558 daAuts
 Crypt:2: 1508 daAuts
    D:12: 1501 daAuts
